 Dungeon Crawl Stone Soup version 0.24-a0-27-gca774cb5d5 (webtiles) character file.

Game seed: 13781513691831053062

11401 Maize the Severer (level 11, -6/102 HPs)
             Began as a Minotaur Berserker on Feb 2, 2019.
             Was a High Priest of Trog.
             Shot with an arrow by a centaur (8 damage)
             ... on level 11 of the Dungeon.
             The game lasted 00:12:53 (9302 turns).

Maize the Severer (Minotaur Berserker)              Turns: 9302, Time: 00:12:54

Health: -6/102     AC: 18    Str: 25    XL:     11   Next: 48%
Magic:  8/8        EV:  8    Int:  4    God:    Trog [*****.]
Gold:   584        SH:  0    Dex: 10    Spells: 10/10 levels left

rFire    . . .     SeeInvis .   q - +0 battleaxe
rCold    . . .     Gourm    .   (shield currently unavailable)
rNeg     . . .     Faith    .   G - +0 plate armour
rPois    .         Spirit   .   (helmet restricted)
rElec    .         Reflect  .   p - +0 cloak
rCorr    .         Harm     .   (no gloves)
MR       .....                  e - +0 pair of boots
Stlth    ..........             (no amulet)
HPRegen  0.27/turn              u - ring of flight
MPRegen  0.11/turn              (no ring)

@: no status effects
A: retaliatory headbutt, horns 2, low mp 1
a: Berserk, Trog's Hand, Brothers in Arms, Renounce Religion, Evoke Flight


You were on level 11 of the Dungeon.
You worshipped Trog.
Trog was extremely pleased with you.
You were near starving.

You visited 1 branch of the dungeon, and saw 11 of its levels.

You collected 584 gold pieces.

Inventory:

Hand Weapons
 q - a +0 battleaxe (weapon)
 F - a +0 broad axe
Armour
 e - a +0 pair of boots (worn)
 p - a +0 cloak (worn)
 G - a +0 plate armour (worn)
Jewellery
 u - a ring of flight (left hand)
Wands
 g - a wand of flame (23)
 w - a wand of acid (12)
 A - a wand of random effects (65)
 C - a wand of iceblast (18)
 M - a wand of digging (6)
Scrolls
 f - a scroll of holy word {unknown}
 i - 6 scrolls of remove curse
 l - 3 scrolls of enchant weapon {unknown}
 n - 5 scrolls of teleportation
 o - 2 scrolls of random uselessness {unknown}
 r - 9 scrolls of identify {unknown}
 y - a scroll of fog {unknown}
 z - a scroll of immolation {unknown}
 B - 2 scrolls of amnesia {unknown}
 E - 6 scrolls of enchant armour {unknown}
 I - a scroll of fear {unknown}
 J - a scroll of vulnerability {unknown}
 N - a scroll of noise {unknown}
Potions
 a - 2 potions of flight {unknown}
 b - 3 potions of brilliance {unknown}
 d - 2 potions of berserk rage {unknown}
 h - 4 potions of curing
 j - 2 potions of ambrosia {unknown}
 k - 2 potions of invisibility {unknown}
 m - 3 potions of lignification {unknown}
 t - 2 potions of resistance {unknown}
 x - 3 potions of mutation {unknown}
 D - a potion of agility {unknown}
 H - a potion of magic {unknown}
 K - 3 potions of degeneration {unknown}
 L - 2 potions of heal wounds {unknown}
Miscellaneous
 s - a phantom mirror
 v - a box of beasts
Comestibles
 c - 16 rations
 O - 2 chunks of flesh


   Skills:
 + Level 11.4 Fighting
 * Level 15.0 Axes
 + Level 11.1 Armour
 - Level 2.4 Dodging


You had 10 spell levels left.
You didn't know any spells.
Your spell library was empty.

Dungeon Overview and Level Annotations

Branches:
Dungeon (11/15)            Temple (0/1) D:5             Orc (0/2) D:10
   Lair: D:8-11

Altars:
Ashenzari
Cheibriados
Kikubaaqudgha
Makhleb
Nemelex Xobeh
Okawaru
Sif Muna
Trog
Xom
Yredelemnul

Shops:
D:7 %

Annotations:
D:4 2 runed translucent doors


Innate Abilities, Weirdness & Mutations

You reflexively headbutt those who attack you in melee.
You have a pair of horns on your head.
Your magical capacity is low. (-10% MP)


Message History

The electric eel is almost dead.
The electric eel shoots out a bolt of lightning at you!
The bolt of electricity misses you. x2
The bolt of electricity hits the electric eel.
The electric eel completely resists.
Unknown command.
You slice the electric eel!!
You kill the electric eel!
Trog accepts your kill.
You hear a splash.
You see here a yak corpse.
You butcher the yak corpse.
O - 2 chunks of flesh You see here a yak skeleton.
The centaur wields a +0 shortbow.
The centaur shoots an arrow.
The arrow hits you.
* * * LOW HITPOINT WARNING * * *
You see here an arrow.
The centaur shoots an arrow.
The arrow hits you!
You die...

...........$...
...............
...............
≈≈≈≈≈≈≈.≈≈≈≈≈≈≈ ≈≈≈≈≈≈≈÷≈#
≈#####≈.≈# ≈≈ +...+ ≈≈≈
≈≈≈≈≈≈≈ #≈(≈#####≈≈≈
≈≈≈≈≈≈≈≈#####≈@≈≈≈≈≈≈≈≈≈
≈≈≈≈≈≈≈≈≈≈≈≈≈≈.≈≈≈≈≈≈≈≈≈
#.......................
#.......................
#..................c....
###.).....................
..........))..............
...........)..............
........<.................


You could see a centaur.

Vanquished Creatures
  Harold (D:7)
  4 two-headed ogres
  A gargoyle (D:10)
  A troll (D:10)
  A hornet (D:11)
  4 hippogriffs
  2 wyverns
  A water elemental (D:11)
  7 yaks
  A human (D:9)
  Grum (D:9)
  A hungry ghost (D:11)
  4 orc warriors (D:10)
  2 phantoms
  An eye of draining (D:11)
  An ice beast (D:9)
  A sky beast (D:7)
  8 ogres
  4 wolves (D:9)
  6 centaurs
  Blork the orc (D:4)
  7 bullfrogs
  3 scorpions
  6 killer bees
  6 wights
  3 howler monkeys
  An electric eel (D:11)
  4 crimson imps
  2 bullfrog zombies
  A quasit (D:5)
  4 orc priests
  Crazy Yiuf (D:7)
  4 jellies
  8 orc wizards
  2 bullfrog skeletons (D:5)
  2 centaur skeletons
  Natasha (thrice) (D:3)
  An iguana (D:7)
  9 worker ants
  A worker ant zombie (D:6)
  11 adders
  3 shadow imps
  An ooze (D:2)
  An adder skeleton (D:8)
  An adder zombie (D:6)
  A worm (D:2)
  A dart slug (D:2)
  2 leopard geckos
  34 orcs
  3 bats
  7 giant cockroaches
  6 hobgoblins
  2 jackals (D:3)
  2 quokkas
  A ball python (D:6)
  2 frilled lizards
  5 goblins
  A jackal zombie (D:6)
  4 kobolds
  A leopard gecko zombie (D:5)
  5 rats
  A butterfly (D:8)
216 creatures vanquished.

Notes
Turn   | Place    | Note
-------+----------+-------------------------------------------
     0 | D:1      | Maize the Minotaur Berserker began the quest for the Orb.
     0 | D:1      | Reached XP level 1. HP: 19/19 MP: 0/0
   214 | D:1      | Reached XP level 2. HP: 27/27 MP: 1/1
   821 | D:2      | Reached skill level 4 in Axes
   863 | D:2      | Reached XP level 3. HP: 25/33 MP: 2/2
   957 | D:2      | Found a sparkling altar of Nemelex Xobeh.
  1496 | D:3      | Reached ** piety under Trog
  1585 | D:3      | Reached XP level 4. HP: 38/41 MP: 3/3
  1861 | D:3      | Noticed Natasha
  1877 | D:3      | Killed Natasha
  1877 | D:3      | Reached skill level 5 in Axes
  2313 | D:3      | Noticed Natasha
  2320 | D:3      | Killed Natasha
  2320 | D:3      | Reached XP level 5. HP: 11/47 MP: 4/4
  2760 | D:3      | Noticed Natasha
  2765 | D:3      | Killed Natasha
  2795 | D:4      | Noticed Blork the orc
  2803 | D:4      | Killed Blork the orc
  2803 | D:4      | Reached skill level 5 in Fighting
  2803 | D:4      | Reached skill level 6 in Axes
  2889 | D:4      | Reached XP level 6. HP: 53/56 MP: 5/5
  2930 | D:4      | Found a large runed translucent door.
  2931 | D:4      | Found a large runed translucent door.
  2940 | D:4      | Found a large runed translucent door.
  2940 | D:4      | Found a large runed translucent door.
  2950 | D:4      | Reached skill level 7 in Axes
  2954 | D:4      | Reached skill level 5 in Armour
  2954 | D:4      | Reached XP level 7. HP: 62/62 MP: 6/6
  2985 | D:4      | Got a fine flail
  2986 | D:4      | Identified the +4 flail "Coasin" {antimagic, *Contam rElec
                  | rN++ Dex+3} (You found it on level 4 of the Dungeon)
  3305 | D:4      | Reached *** piety under Trog
  3349 | D:4      | Found a bloodstained altar of Trog.
  3376 | D:4      | Reached skill level 8 in Axes
  3435 | D:4      | Gained mutation: Your magical capacity is low. (-10% MP)
                  | [mutagenic glow]
  3467 | D:5      | Entered Level 5 of the Dungeon
  3476 | D:5      | Found a shattered altar of Ashenzari.
  3534 | D:5      | Reached XP level 8. HP: 64/71 MP: 6/6
  3538 | D:5      | Found a snail-covered altar of Cheibriados.
  3563 | D:5      | Reached skill level 9 in Axes
  3665 | D:5      | Found a staircase to the Ecumenical Temple.
  3863 | D:5      | Found an ancient bone altar of Kikubaaqudgha.
  3970 | D:5      | Found a deep blue altar of Sif Muna.
  4121 | D:6      | Reached **** piety under Trog
  4281 | D:6      | Reached skill level 10 in Axes
  4867 | D:7      | Found Xuckeonn's Food Boutique.
  4876 | D:7      | Reached XP level 9. HP: 76/81 MP: 7/7
  4975 | D:7      | Noticed Harold
  4986 | D:7      | Killed Harold
  4986 | D:7      | Reached skill level 11 in Axes
  5305 | D:7      | Found a runed translucent door.
  5306 | D:7      | Noticed Crazy Yiuf
  5622 | D:7      | Found a burning altar of Makhleb.
  5690 | D:7      | Killed Crazy Yiuf
  5848 | D:8      | Reached skill level 12 in Axes
  6030 | D:8      | Found an iron altar of Okawaru.
  6074 | D:8      | Found a shimmering altar of Xom.
  6188 | D:9      | Reached XP level 10. HP: 91/91 MP: 8/8
  6209 | D:9      | Found a runed translucent door.
  6212 | D:9      | Found a basalt altar of Yredelemnul.
  6281 | D:9      | Noticed a two-headed ogre
  6289 | D:9      | Killed a two-headed ogre
  6377 | D:9      | Reached skill level 13 in Axes
  6393 | D:9      | Noticed a two-headed ogre
  6400 | D:9      | Killed a two-headed ogre
  6400 | D:9      | Reached skill level 10 in Fighting
  6732 | D:9      | Noticed Grum
  6741 | D:9      | Reached ***** piety under Trog
  6745 | D:9      | Killed Grum
  6750 | D:9      | Reached skill level 10 in Armour
  7387 | D:10     | Entered Level 10 of the Dungeon
  7422 | D:10     | Found a staircase to the Orcish Mines.
  7436 | D:10     | Reached skill level 14 in Axes
  7961 | D:10     | Noticed a two-headed ogre
  7968 | D:10     | Killed a two-headed ogre
  7968 | D:10     | Reached XP level 11. HP: 75/101 MP: 8/8
  8563 | D:10     | Noticed a two-headed ogre
  8576 | D:10     | Killed a two-headed ogre
  9287 | D:11     | Reached skill level 15 in Axes
  9293 | D:11     | HP: 3/102 [electric eel/bolt of electricity (7)]
  9301 | D:11     | HP: 1/102 [centaur/arrow (4)]
  9302 | D:11     | Shot with an arrow by a centaur

Vault maps used:
D:1:      dpeg_arrival_central, minmay_misc_feat_nine_boxes,
          minmay_misc_feat_pillars, fountainhead, chequers_big_river
D:2:      lemuel_doored_altar, first_ration, minmay_tetromino_o2
D:3:      uniq_natasha
D:4:      lightli_temple_of_fire, minmay_misc_feat_tower,
          minmay_hollow_rounded_squares, uniq_blork_the_orc
D:5:      kennysheep_mini_moat, overflow_temple_1_default,
          lemuel_blue_sif_altar, nicolae_overflow_crystal_walls,
          minmay_temple_entry_mini_moons
D:7:      kennysheep_mini, serial_shops,
          nicolae_shop_temple_entry_statues_fountains,
          chequers_serial_rivers_micro_b, uniq_crazy_yiuf_cottage, uniq_harold
D:8:      minmay_spotlight, okawaru_gym_becter, xom_butterflies
D:9:      grunt_ogre_cave, dk_yredelemnul_ordeal, uniq_grum
D:10:     david_orc_2
D:11:     lemuel_troll_bridge, lair_entry_dummy, serial_shops, shop, uniq_urug,
          uniq_erica

Skill      XL: |  1  2  3  4  5  6  7  8  9 10 11 |
---------------+----------------------------------+-----
Axes           | 4 5 6 7 8 10 12 14 15 | 15.0
Fighting       | 4 5 6 7 9 10 11 | 11.4
Armour         | 3 4 5 6 7 9 10 11 | 11.1
Dodging        | |  2.4

Action                   |  1- 3 |  4- 6 |  7- 9 | 10-12 || total
-------------------------+-------+-------+-------+-------++-------
Melee: Hand axe          |    77 |    76 |       |       ||   153
       Headbutt          |     7 |    15 |    35 |    37 ||    94
       Flail             |       |       |    34 |       ||    34
       Battleaxe         |       |       |   195 |   178 ||   373
Invok: Berserk           |       |     3 |     1 |     6 ||    10
  Use: Scroll            |       |       |       |     2 ||     2
 Stab: Distracted        |       |       |     1 |       ||     1
  Eat: Chunk             |     2 |     3 |     9 |     9 ||    23
       Ration            |       |     1 |     1 |     2 ||     4
Armor: Chain mail        |    33 |    41 |   150 |    47 ||   271
       Animal skin       |     2 |       |       |       ||     2
       Plate armour      |       |       |       |    58 ||    58
Dodge: Dodged            |    37 |    36 |   141 |   105 ||   319

Table legend:
 A = Non-vault XP
 B = Vault XP
 C = Vault XP percentage of total XP
 D = Non-vault monster count
 E = Vault monster count
 F = Vault count percentage of total count
                 A         B        C        D         E       F
            +---------+---------+-------+---------+---------+-------
      Total |   11705 |    4583 |  28.1 |     184 |      31 |  14.4
            +---------+---------+-------+---------+---------+-------
        D:1 |      17 |       0 |   0.0 |      11 |       0 |   0.0
        D:2 |      47 |      12 |  20.3 |      12 |       2 |  14.3
        D:3 |     120 |      37 |  23.6 |      17 |       1 |   5.6
        D:4 |     409 |     517 |  55.8 |      20 |       8 |  28.6
        D:5 |     867 |       0 |   0.0 |      25 |       0 |   0.0
        D:6 |     465 |       0 |   0.0 |      14 |       0 |   0.0
        D:7 |     708 |    1047 |  59.7 |      16 |       2 |  11.1
        D:8 |    1033 |     245 |  19.2 |      13 |       2 |  13.3
        D:9 |    2509 |    1718 |  40.6 |      20 |       7 |  25.9
       D:10 |    4396 |     399 |   8.3 |      27 |       6 |  18.2
       D:11 |    1134 |     608 |  34.9 |       9 |       3 |  25.0
            +---------+---------+-------+---------+---------+-------
